 Dungeon Crawl Stone Soup version 0.23-a0-808-gd21de94 (webtiles) character file.

9380 Elitist the Basher (level 11, -5/72 HPs)
             Began as a Gargoyle Fighter on Jan 21, 2019.
             Slain by Snorg (7 damage)
             ... on level 10 of the Dungeon.
             The game lasted 00:27:39 (9280 turns).

Elitist the Basher (Gargoyle Fighter)               Turns: 9280, Time: 00:27:40

Health: -5/72      AC: 29    Str: 23    XL:     11   Next: 45%
Magic:  11/11      EV:  6    Int:  9    God:
Gold:   169        SH:  0    Dex: 11    Spells: 10/10 levels left

rFire    . . .     SeeInvis +   a - +5 flail (crush)
rCold    . . .     Gourm    .   c - +0 shield
rNeg     + . .     Faith    .   n - +0 plate armour
rPois    ∞         Spirit   .   (no helmet)
rElec    +         Reflect  .   (no cloak)
rCorr    .         Harm     .   h - +2 pair of gloves
MR       .....                  u - +0 pair of boots
Stlth    ..........             (no amulet)
HPRegen  0.22/turn              m - ring of see invisible
MPRegen  0.12/turn              (no ring)

@: confused
A: large bone plates 1, slimy green scales 1, see invisible, agile 1, negative
energy resistance 1, electricity resistance, unbreathing, petrification
resistance, rot immunity, AC +8
a: no special abilities


You were on level 10 of the Dungeon.
You were not hungry.

You visited 2 branches of the dungeon, and saw 11 of its levels.
You also visited: Ossuary.

You collected 533 gold pieces.
You spent 364 gold pieces at shops.

Inventory:

Hand Weapons
 a - a +5 flail of crushing (weapon)
 b - a +0 hunting sling
 k - a +0 flail of protection
 y - a +0 morningstar
 z - a +4 morningstar of holy wrath
 D - a +0 blowgun
 H - a +1 morningstar of holy wrath
Missiles
 g - 81 bolts
 i - 406 stones (quivered)
 l - 138 arrows
 p - 61 sling bullets
 t - 2 throwing nets
 C - 4 curare-tipped needles
 G - 6 tomahawks
Armour
 c - a +0 shield (worn)
 h - a +2 pair of gloves (worn)
 n - a +0 plate armour (worn)
 u - a +0 pair of boots (worn)
Jewellery
 m - a ring of see invisible (left hand)
 x - an uncursed ring of protection from magic {unknown}
Wands
 B - a wand of random effects (7)
Scrolls
 d - 4 scrolls of remove curse
 q - 4 scrolls of identify
 r - 2 scrolls of fear
 s - 4 scrolls of enchant weapon
 E - a scroll of immolation
 F - a scroll of magic mapping
Potions
 f - 2 potions of cancellation
 j - a potion of resistance
Comestibles
 e - 16 rations
 o - 3 chunks of flesh


   Skills:
 + Level 9.6 Fighting
 + Level 11.1 Maces & Flails
 + Level 9.5 Armour
 + Level 9.0 Shields


You had 10 spell levels left.
You didn't know any spells.
Your spell library contained the following spells:

 Spells                   Type           Power        Failure   Level  Hunger
 Confusing Touch          Hex            #.....       100%        1    ##.....
 Magic Dart               Conj           #...         100%        1    ##.....
 Shock                    Conj/Air       #...         100%        1    ##.....
 Searing Ray              Conj           #.....       100%        2    ###....
 Swiftness                Chrm/Air       #.......     100%        2    ###....
 Confuse                  Hex            #.......     100%        3    ####...
 Dazzling Spray           Conj/Hex       #.....       100%        3    ####...
 Gell's Gravitas          Tloc           #.........   100%        3    ####...
 Ignite Poison            Fire/Tmut/Pois #.......     100%        3    ####...
 Static Discharge         Conj/Air       #.......     100%        3    ####...
 Airstrike                Air            #.........   100%        4    #####..
 Force Lance              Conj/Tloc      #.......     100%        4    #####..
 Fulminant Prism          Conj/Hex       #.........   100%        4    #####..
 Iskenderun's Mystic Bla  Conj           #.......     100%        4    #####..
 Petrify                  Tmut/Erth      #.......     100%        4    #####..
 Fireball                 Conj/Fire      #.........   100%        5    ######.
 Lightning Bolt           Conj/Air       #.........   100%        5    ######.
 Metabolic Englaciation   Hex/Ice        #.........   100%        5    ######.
 Yara's Violent Unravell  Hex/Tmut       #.........   100%        5    ######.
 Bolt of Fire             Conj/Fire      #.........   100%        6    #######
 Ring of Flames           Chrm/Fire      #.........   100%        7    #######
 Ignition                 Fire           #.........   100%        8    #######


Dungeon Overview and Level Annotations

Branches:
Dungeon (10/15)            Temple (1/1) D:7            Lair (0/6) D:10
    Orc: D:9-12

Altars:
Dithmenos
Okawaru
Yredelemnul

Shops:
D:6 (   D:10 (

Annotations:
D:2 Sigmund
D:4 1 runed door
D:9 2 transporters
D:10 Snorg


Innate Abilities, Weirdness & Mutations

You are resistant to torment.
Your stone body is resilient. (AC +8)
You are immune to poison.
You resist negative energy. (rN+)
You are resistant to electric shocks. (rElec)
You can survive without breathing.
You are immune to petrification.
You are immune to rotting.
You are partially covered in large bone plates. (SH +4)
You are partially covered in slimy green scales. (AC +2)
You have supernaturally acute eyesight. (SInv)
You are agile. (Dex +2)


Message History

You completely miss Snorg.
Snorg is moderately wounded.
You block Snorg's attack. Snorg closely misses you.
Snorg claws you but does no damage.
You barely miss Snorg.
Snorg is moderately wounded.
Snorg bites you!!
You block Snorg's attack. x4; Snorg barely misses you.
You are too injured to fight recklessly!
You are too injured to fight recklessly!
You are too injured to fight recklessly!
Okay, then.
You are confused.
You feel invigorated. Snorg bites you but does no damage. Snorg claws you.
Snorg claws you!
* * * LOW HITPOINT WARNING * * *
Snorg bites you but does no damage. Snorg claws you but does no damage. x2
You bump into the rock wall.
Snorg bites you!
* * * LOW HITPOINT WARNING * * *
Snorg claws you!
You die...

W.........####.###.####..#
#.# # #......##.####.###.#
.# #.####
###...........|....#
##..###.....
#.#..####.##.###.#
#........###
#............# #.#
....####.# #
###..####.#..# .# ## #.# #
#... ...#..# .# #.# #
##.###..#..###.#.##.. #.#
# # #.# #......@T.......
#.# # .. #.##.###########
#.### #. #. #.# #.##. #.
#.# #.##. #.# #.##. #.##
#. #.##. .... #. #.##.
#.## #.... ####.


You could see Snorg (berserk).

Vanquished Creatures
  Josephine (D:10)
  Harold (D:7)
  Sonja (D:10)
  An ugly thing (D:9)
  A centaur zombie (D:10)
  A tengu conjurer (D:10)
  A troll (D:9)
  A hornet (D:10)
  A hippogriff (D:9)
  3 yaks (D:8)
  5 wraiths
  Eustachio (D:6)
  2 humans (D:7)
  A hungry ghost (D:9)
  2 wargs (D:10)
  Edmund (D:6)
  Duvessa (D:4)
  2 orc warriors
  2 black bears
  2 phantoms
  2 sky beasts
  3 ogres
  A centaur (D:5)
  A big kobold (D:10)
  Blork the orc (D:4)
  3 bullfrogs
  Dowan (D:4)
  3 scorpions
  A water moccasin skeleton (D:4)
  5 killer bees (D:9)
  4 wights (D:7)
  4 howler monkeys
  A bullfrog zombie (D:5)
  5 crimson imps
  A quasit (D:9)
  4 orc priests
  A bullfrog skeleton (D:9)
  3 iguanas
  A jelly (D:5)
  14 orc wizards
  Natasha (D:2)
  10 worker ants
  A hound zombie (D:6)
  A mummy (Ossuary)
  A howler monkey skeleton (D:5)
  5 adders
  3 gnolls (D:4)
  2 shadow imps
  An ooze (D:3)
  An adder zombie (D:6)
  3 worms
  3 adder skeletons
  4 dart slugs
  5 leopard geckos
  30 orcs
  A ball python (D:1)
  6 bats
  3 giant cockroaches
  6 goblins
  4 hobgoblins
  8 jackals
  8 kobolds
  4 quokkas
  3 frilled lizards
  5 gnoll skeletons (Ossuary)
  8 kobold skeletons (Ossuary)
  A leopard gecko skeleton (D:4)
  11 orc skeletons (Ossuary)
  8 rats
237 creatures vanquished.

Notes
Turn   | Place    | Note
-------+----------+-------------------------------------------
     0 | D:1      | Elitist the Gargoyle Fighter began the quest for the Orb.
     0 | D:1      | Reached XP level 1. HP: 14/14 MP: 1/1
   457 | D:1      | Reached XP level 2. HP: 19/19 MP: 2/2
   711 | D:1      | Reached XP level 3. HP: 24/24 MP: 3/3
  1386 | D:2      | Reached skill level 3 in Maces & Flails
  1749 | D:2      | Noticed Natasha
  1803 | D:2      | Killed Natasha
  1803 | D:2      | Reached XP level 4. HP: 30/30 MP: 4/4
  1873 | D:2      | Noticed Sigmund
  2113 | D:3      | You fall through a shaft!
  2154 | D:4      | Reached skill level 5 in Fighting
  2154 | D:4      | Reached skill level 4 in Maces & Flails
  2154 | D:4      | Reached XP level 5. HP: 34/35 MP: 5/5
  2269 | D:4      | Noticed Duvessa
  2270 | D:4      | Noticed Dowan
  2293 | D:4      | Killed Duvessa
  2293 | D:4      | Reached XP level 6. HP: 41/41 MP: 6/6
  2295 | D:4      | Killed Dowan
  2296 | D:4      | Reached skill level 5 in Maces & Flails
  2453 | D:4      | Reached XP level 7. HP: 42/46 MP: 7/7
  2464 | D:4      | Noticed Blork the orc
  2483 | D:4      | Killed Blork the orc
  3548 | D:4      | Found a runed door.
  3910 | D:5      | Entered Level 5 of the Dungeon
  3925 | D:5      | Reached skill level 6 in Maces & Flails
  4239 | D:5      | Reached XP level 8. HP: 44/51 MP: 8/8
  4498 | D:5      | Reached skill level 7 in Maces & Flails
  4498 | D:5      | Reached skill level 5 in Armour
  4498 | D:5      | Reached skill level 5 in Shields
  4804 | D:6      | Found Nugijong's Weapon Shoppe.
  5161 | D:6      | Reached skill level 8 in Maces & Flails
  5206 | D:6      | Found a basalt altar of Yredelemnul.
  5310 | D:6      | Reached XP level 9. HP: 55/55 MP: 9/9
  5330 | D:6      | Noticed Eustachio
  5413 | D:6      | Killed Eustachio
  5604 | D:6      | Found a shadowy altar of Dithmenos.
  5765 | D:6      | Noticed Edmund
  5787 | D:6      | Killed Edmund
  5969 | D:7      | Found a staircase to the Ecumenical Temple.
  6056 | D:7      | Found an iron altar of Okawaru.
  6082 | D:7      | Reached skill level 9 in Maces & Flails
  6112 | D:7      | Noticed Harold
  6123 | D:7      | Gained mutation: You are partially covered in slimy green
                  | scales. (AC +2) [potion of mutation]
  6123 | D:7      | Gained mutation: You have supernaturally acute eyesight.
                  | (SInv) [potion of mutation]
  6123 | D:7      | Gained mutation: You are agile. (Dex +2) [potion of
                  | mutation]
  6123 | D:7      | Gained mutation: You are partially covered in large bone
                  | plates. (SH +4) [potion of mutation]
  6328 | Temple   | Entered the Ecumenical Temple
  6391 | D:8      | Found a sand-covered staircase.
  6395 | Ossuary  | Entered an ossuary
  6866 | D:7      | Killed Harold
  6866 | D:7      | Reached XP level 10. HP: 58/64 MP: 10/10
  7146 | D:8      | Reached skill level 10 in Maces & Flails
  7511 | D:9      | Noticed a green ugly thing
  7525 | D:9      | Killed a green ugly thing
  7645 | D:9      | Found a transporter.
  7650 | D:9      | Noticed a kobold demonologist
  7650 | D:9      | Noticed a kobold demonologist
  7651 | D:9      | Noticed a deep elf knight
  7658 | D:9      | Noticed a fire crab
  8092 | D:9      | Noticed a kobold demonologist
  8095 | D:9      | Found a transporter.
  8282 | D:9      | Noticed a kobold demonologist
  8354 | D:10     | Entered Level 10 of the Dungeon
  8354 | D:10     | Noticed Sonja
  8375 | D:10     | Killed Sonja
  8375 | D:10     | Reached XP level 11. HP: 70/71 MP: 11/11
  8655 | D:10     | Found a staircase to the Lair.
  8829 | D:10     | Found Wudera's Antique Weapon Shop.
  8837 | D:10     | Noticed Josephine
  8874 | D:10     | Killed Josephine
  8874 | D:10     | Reached skill level 11 in Maces & Flails
  9244 | D:10     | Bought a runed morningstar for 182 gold pieces
  9244 | D:10     | Bought a glowing morningstar for 182 gold pieces
  9255 | D:10     | Noticed Snorg
  9280 | D:10     | HP: 2/72 [Snorg (14)]
  9280 | D:10     | Slain by Snorg

Vault maps used:
D:1:      dpeg_arrival_castle
D:2:      mumra_celtic_spiral_tile, uniq_jessica, uniq_sigmund, uniq_natasha
D:4:      first_ration, uniq_crazy_yiuf_cottage, uniq_duvessa,
          uniq_blork_the_orc
D:5:      cheibrodos_helix_gallery, kennysheep_boxes
D:6:      lemuel_coloured_pillars_altar, basic_altar, serial_shops,
          kennysheep_mini, uniq_eustachio, uniq_edmund
D:7:      temple_statues, okawaru_humans, uniq_harold
D:8:      lightli_ossuary_entry_decrepit_ruins
D:9:      gammafunk_wand_slinger
D:10:     erik_lair_orcish_takeover, serial_shops, shop, grunt_tengu_nest,
          uniq_snorg, uniq_sonja, uniq_josephine
Temple:   kilobyte_greek_temple
Ossuary:  ossuary_due_mausoleum

Skill      XL: |  1  2  3  4  5  6  7  8  9 10 11 |
---------------+----------------------------------+-----
Fighting       | 4 5 6 7 9 |  9.6
Maces & Flails | 3 4 5 6 8 9 10 11 | 11.1
Shields        | 4 5 6 8 9 |  9.0
Armour         | 4 5 7 8 9 |  9.5

Action                   |  1- 3 |  4- 6 |  7- 9 | 10-12 || total
-------------------------+-------+-------+-------+-------++-------
Melee: Flail             |   117 |    68 |   563 |   293 ||  1041
 Fire: Hunting sling     |    30 |    43 |     4 |       ||    77
Throw: Stone             |       |       |     2 |       ||     2
Evoke: Sack of spiders   |       |       |       |     1 ||     1
       Wand              |       |       |       |     6 ||     6
  Use: Potion            |     1 |     1 |    13 |     9 ||    24
       Scroll            |       |     4 |     9 |     2 ||    15
  Eat: Chunk             |     3 |     2 |    15 |     3 ||    23
       Ration            |       |       |       |     2 ||     2
Armor: Scale mail        |    51 |       |       |       ||    51
       Plate armour      |    23 |    64 |   432 |   181 ||   700
       Skin              |       |       |    10 |       ||    10
Dodge: Dodged            |    30 |    11 |   107 |    61 ||   209
Block: Shield            |    58 |    39 |   250 |   248 ||   595
       Other             |       |       |     7 |       ||     7

Table legend:
 A = Non-vault XP
 B = Vault XP
 C = Vault XP percentage of total XP
 D = Non-vault monster count
 E = Vault monster count
 F = Vault count percentage of total count
                 A         B        C        D         E       F
            +---------+---------+-------+---------+---------+-------
      Total |    7295 |    6106 |  45.6 |     184 |      53 |  22.4
            +---------+---------+-------+---------+---------+-------
        D:1 |      50 |       0 |   0.0 |      26 |       0 |   0.0
        D:2 |      46 |      35 |  43.2 |      12 |       1 |   7.7
        D:3 |      91 |       0 |   0.0 |      19 |       0 |   0.0
        D:4 |     390 |     314 |  44.6 |      27 |       3 |  10.0
        D:5 |     870 |      16 |   1.8 |      16 |       2 |  11.1
        D:6 |     699 |     372 |  34.7 |      18 |       2 |  10.0
        D:7 |     685 |    1391 |  67.0 |      19 |       3 |  13.6
        D:8 |    1137 |       0 |   0.0 |      16 |       0 |   0.0
        D:9 |    2289 |       0 |   0.0 |      20 |       0 |   0.0
       D:10 |    1038 |    3719 |  78.2 |      11 |      16 |  59.3
    Ossuary |       0 |     259 | 100.0 |       0 |      26 | 100.0
            +---------+---------+-------+---------+---------+-------
